[Event "Early Titled Tuesday Blitz | February 8 2022"]
[White "San, Thit Lwin"]
[Black "Stankovic, Ivan G"]
[WhiteFideId "13001272"]
[BlackFideId "902837"]
[WhiteElo "2232"]
[BlackElo "2195"]
[Result "1/2-1/2"]
[Round "02"]
[TimeControl "180+1"]
[Date "2022.02.08"]
[WhiteClock "0:00:06"]
[BlackClock "0:00:08"]

1. Nf3 Nf6 2. c4 d6 3. Nc3 g6 4. d4 Bg7 5. e4 Nbd7 6. Be2 e5 7. O-O O-O 8. Be3 c6 9. Qd2 Ng4 10. Bg5 f6 11. Bh4 Qe7 12. Rfd1 Rd8 13. b4 a5 14. b5 g5 15. Bg3 Nf8 16. dxe5 Nxe5 17. Bxe5 fxe5 18. Qxg5 Qxg5 19. Nxg5 h6 20. Nf3 Ne6 21. bxc6 bxc6 22. Rab1 Nd4 23. Nxd4 exd4 24. Na4 Be6 25. Rb6 c5 26. Nxc5 dxc5 27. Rxe6 Rab8 28. e5 d3 29. Bf3 Rd4 30. Bd5 Kh8 31. Ra6 Bxe5 32. g3 d2 33. f4 Bg7 34. Rxa5 Re8 35. Kf2 Rd3 36. Ra8 Bd4+ 37. Kg2 Rxa8 38. Bxa8 Ra3 39. Rxd2 Rxa8 40. Re2 Kg7 41. Kf3 Kf6 42. g4 Ra3+ 43. Kg2 Re3 44. Rxe3 Bxe3 45. Kf3 Bg1 46. Ke4 Bxh2 47. a4 Ke6 48. a5 Kd6 49. g5 hxg5 50. fxg5 Bg1 51. g6 Bd4 52. a6 Kc6 53. a7 Kb7 54. Kd5 Kxa7 55. g7 Bxg7 56. Kxc5 Kb7 57. Kd5 Kc8 58. c5 Kc7 59. Ke6 Bf8 60. Kd5 Bxc5 1/2-1/2


[Site "https://www.chess.com"]

[Event "Early Titled Tuesday Blitz | February 8 2022"]
[White "Sanal, Vahap"]
[Black "Vaishali, Rameshbabu"]
[WhiteFideId "6300545"]
[BlackFideId "5091756"]
[WhiteElo "2603"]
[BlackElo "2343"]
[Result "1/2-1/2"]
[Round "02"]
[TimeControl "180+1"]
[Date "2022.02.08"]
[WhiteClock "0:00:14"]
[BlackClock "0:00:05"]

1. e4 e5 2. Nc3 Nf6 3. Bc4 Nc6 4. d3 Na5 5. a4 Nxc4 6. dxc4 Be7 7. Nge2 O-O 8. O-O d6 9. b3 Be6 10. Qd3 c6 11. h3 d5 12. cxd5 cxd5 13. exd5 Nxd5 14. Qg3 Bh4 15. Qf3 f5 16. Rd1 e4 17. Qh5 Bf6 18. Ba3 g6 19. Qh6 Bg7 20. Qc1 Nxc3 21. Nxc3 Qc7 22. Nb5 Qe5 23. Bxf8 Rxf8 24. Nd4 Bc8 25. Qg5 Bf6 26. Qe3 f4 27. Qc3 f3 28. Qc4+ Kh8 29. Qb4 Be7 30. Qc3 fxg2 31. Ne2 Qxc3 32. Nxc3 Bf6 33. Nxe4 Bxa1 34. Rxa1 Bxh3 35. Rd1 Kg7 36. Ng5 Bf5 37. Kxg2 Rc8 38. c4 h6 39. Nf3 Bc2 40. Rd7+ Kf6 41. Rxb7 Be4 42. Rxa7 Rd8 43. Ra6+ Kf5 44. Kg3 Rd3 45. Ra5+ Kf6 46. Ra6+ Kf5 47. Ra5+ Kf6 48. Ra6+ Kf5 1/2-1/2


[Site "https://www.chess.com"]

[Event "Early Titled Tuesday Blitz | February 8 2022"]
[White "Sarana, Alexey"]
[Black "Brodowski, Piotr"]
[WhiteFideId "24133795"]
[BlackFideId "1124480"]
[WhiteElo "2665"]
[BlackElo "2422"]
[Result "1-0"]
[Round "02"]
[TimeControl "180+1"]
[Date "2022.02.08"]
[WhiteClock "0:01:29"]
[BlackClock "0:00:04"]

1. d4 d6 2. e4 Nf6 3. Nc3 g6 4. f4 Bg7 5. Nf3 O-O 6. Bd3 Bg4 7. O-O Nc6 8. e5 dxe5 9. dxe5 Nd5 10. Nxd5 Qxd5 11. h3 Bxf3 12. Qxf3 Qxf3 13. Rxf3 Rad8 14. c3 f6 15. exf6 exf6 16. Bc2 f5 17. Be3 Rfe8 18. Kf2 Bf6 19. g4 Bh4+ 20. Kf1 Kg7 21. gxf5 gxf5 22. Bxf5 Rf8 23. Be4 Kf6 24. Ke2 Rg8 25. Bf2 Rg2 26. Rg1 Rxf2+ 27. Rxf2 Bxf2 28. Kxf2 Rd2+ 29. Ke3 Rxb2 30. Bxh7 Ne7 31. Be4 c6 32. Rg2 Nf5+ 33. Kd3 Rxg2 34. Bxg2 Nh4 35. Be4 b5 36. Bxc6 Ng6 37. Ke4 a6 38. Bd7 Ke7 39. Bf5 Nh4 40. a3 Kd6 41. Bg4 Ng2 42. f5 Ke7 43. Bf3 Ne1 44. Bd1 Kf6 45. h4 Ng2 46. h5 Nh4 47. h6 Nxf5 48. h7 Nd6+ 49. Kd5 Nf7 50. Bc2 Kg7 51. Bd3 Nd8 52. Kc5 Ne6+ 53. Kb6 Nf4 54. Be4 Ne2 55. Kxa6 Nxc3 56. Bd3 Kh8 57. Ka5 Kg7 58. Kb4 Nd5+ 59. Kxb5 Nc3+ 60. Kc5 Kh8 61. Bc2 Kg7 62. Kc4 Ne2 63. a4 Nf4 64. a5 Ne6 65. a6 Nc7 66. a7 Na8 67. Kc5 Nc7 68. Kc6 Na8 69. Kb7 1-0


[Site "https://www.chess.com"]

[Event "Early Titled Tuesday Blitz | February 8 2022"]
[White "Saravana, Krishnan P."]
[Black "Dobrov, Vladimir"]
[WhiteFideId "5018382"]
[BlackFideId "4136594"]
[WhiteElo "2210"]
[BlackElo "2614"]
[Result "1/2-1/2"]
[Round "02"]
[TimeControl "180+1"]
[Date "2022.02.08"]
[WhiteClock "0:00:11"]
[BlackClock "0:00:07"]

1. d4 Nf6 2. c4 e6 3. Nf3 d5 4. Nc3 c6 5. Bg5 h6 6. Bxf6 Qxf6 7. e3 Nd7 8. Qc2 Bd6 9. Be2 O-O 10. O-O dxc4 11. Bxc4 b6 12. Ne4 Qe7 13. Rac1 Bb7 14. Rfd1 Rfd8 15. a3 a5 16. Ba2 Rac8 17. Bb1 Nf8 18. Qb3 Bc7 19. Ne5 c5 20. Nf3 Bd5 21. Qd3 c4 22. Qe2 b5 23. Nc3 b4 24. axb4 axb4 25. Nxd5 exd5 26. e4 f5 27. e5 g6 28. h4 h5 29. Qe3 Ne6 30. Ng5 Nxg5 31. hxg5 b3 32. f4 Ra8 33. Rd2 Bb6 34. g4 hxg4 35. Rh2 Kg7 36. Rh6 Rh8 37. Bxf5 gxf5 38. Rxb6 Rh3 39. Qe1 Rah8 40. Rh6 R8xh6 41. gxh6+ Kxh6 42. e6 Kg6 43. Rc3 Rxc3 44. bxc3 b2 45. Qb1 Qb7 46. Kf2 Qb3 47. e7 Kf7 48. Qxf5+ Kxe7 49. Qe5+ Kd7 50. Qxd5+ Kc7 51. Qc5+ Kb7 52. Qe7+ Kb6 53. Qc5+ Ka6 54. Qc6+ Ka7 55. Qc7+ Ka6 56. Qc6+ Qb6 57. Qxc4+ Qb5 58. Qc8+ Ka5 59. Qa8+ Qa6 60. Qd8+ Qb6 61. Qd5+ Ka6 62. Qa2+ Kb7 63. Qd5+ Kc7 64. Qf7+ Kb8 65. Qg8+ Ka7 66. Qf7+ Qb7 67. Qa2+ Kb8 68. Qg8+ Ka7 69. Qa2+ Kb8 70. Qg8+ Kc7 71. Qf7+ Kc6 72. Qe6+ Kc7 73. Qf7+ Kb6 74. Qb3+ Kc6 75. Qe6+ Kb5 76. Qb3+ Kc6 77. Qe6+ 1/2-1/2


[Site "https://www.chess.com"]

[Event "Early Titled Tuesday Blitz | February 8 2022"]
[White "Seemann, Jakub"]
[Black "Pourramezanali, Amirreza"]
[WhiteFideId "21874697"]
[BlackFideId "12511412"]
[WhiteElo "2003"]
[BlackElo "2376"]
[Result "0-1"]
[Round "02"]
[TimeControl "180+1"]
[Date "2022.02.08"]
[WhiteClock "0:00:01"]
[BlackClock "0:00:40"]

1. e4 e6 2. d3 d5 3. Nd2 Nf6 4. g3 c5 5. Bg2 Nc6 6. Ngf3 Be7 7. O-O O-O 8. Re1 h6 9. e5 Nd7 10. Nf1 b5 11. Bf4 a5 12. h4 b4 13. c3 a4 14. a3 Na5 15. N1h2 Nb3 16. Rb1 bxa3 17. bxa3 Qa5 18. Qc2 Ba6 19. h5 c4 20. d4 Bxa3 21. Ng4 Be7 22. Nd2 a3 23. Rxb3 cxb3 24. Nxb3 Qa4 25. Qd2 Qxb3 26. Bxh6 gxh6 27. Qxh6 Qc2 28. Be4 dxe4 29. Nf6+ Nxf6 30. exf6 Bxf6 31. Qxf6 e3 32. Rxe3 Qd1+ 33. Kg2 Qxh5 34. Re5 Bb7+ 35. f3 Qxf3+ 0-1


[Site "https://www.chess.com"]

[Event "Early Titled Tuesday Blitz | February 8 2022"]
[White "Selbes, Tarik"]
[Black "Kalajzic, Ivan"]
[WhiteFideId "6302513"]
[BlackFideId "14506378"]
[WhiteElo "2290"]
[BlackElo "2163"]
[Result "1-0"]
[Round "02"]
[TimeControl "180+1"]
[Date "2022.02.08"]
[WhiteClock "0:00:34"]
[BlackClock "0:00:34"]

1. d4 Nc6 2. d5 Ne5 3. f4 Ng6 4. e4 e5 5. Nf3 exf4 6. h4 h5 7. Bd3 Bc5 8. e5 Nh6 9. Bxg6 fxg6 10. Bxf4 Ng4 11. Qd3 O-O 12. Qxg6 Rxf4 13. Ng5 Nh6 14. Qh7+ Kf8 15. Nc3 Rxh4 16. Qh8+ Ng8 17. Rxh4 Qxg5 18. Qxh5 Qe3+ 19. Ne2 Qf2+ 20. Kd1 Qf1+ 21. Kd2 Qf2 22. Rf4+ Qxf4+ 23. Nxf4 d6 24. Ne6+ 1-0


[Site "https://www.chess.com"]

[Event "Early Titled Tuesday Blitz | February 8 2022"]
[White "Seo, Jung Min"]
[Black "Yushko, Olga"]
[WhiteFideId "1734687"]
[BlackFideId "14114500"]
[WhiteElo "2401"]
[BlackElo "2028"]
[Result "1-0"]
[Round "02"]
[TimeControl "180+1"]
[Date "2022.02.08"]
[WhiteClock "0:01:52"]
[BlackClock "0:01:28"]

1. c4 e6 2. d4 f5 3. g3 Nf6 4. Bg2 Be7 5. Nc3 d6 6. Nf3 O-O 7. O-O a5 8. Re1 Ne4 9. Qc2 Nxc3 10. bxc3 Nc6 11. e4 e5 12. dxe5 dxe5 13. exf5 Bxf5 14. Qb2 e4 15. Nd4 Bc5 16. Nxf5 Rxf5 17. Be3 Bxe3 18. Rxe3 Ne5 19. Qxb7 Ng4 20. Rxe4 Nxf2 21. Rd4 1-0


[Site "https://www.chess.com"]

[Event "Early Titled Tuesday Blitz | February 8 2022"]
[White "Sharavdorj, Dashzegve"]
[Black "Rytenko, Vsevolod"]
[WhiteFideId "4900340"]
[BlackFideId "14133040"]
[WhiteElo "2366"]
[BlackElo "2144"]
[Result "1-0"]
[Round "02"]
[TimeControl "180+1"]
[Date "2022.02.08"]
[WhiteClock "0:00:33"]
[BlackClock "0:00:01"]

1. d4 d5 2. c4 c6 3. Nf3 Nf6 4. Nc3 e6 5. Bg5 Be7 6. e3 O-O 7. Qc2 h6 8. Bh4 Nbd7 9. Rd1 Nh5 10. Bg3 Nxg3 11. hxg3 f5 12. a3 Nf6 13. Ne5 Bd6 14. Ng6 Re8 15. Bd3 Ne4 16. Nf4 Qg5 17. Nce2 Bd7 18. Rh5 Qf6 19. f3 Ng5 20. Kf2 e5 21. dxe5 Qxe5 22. Qd2 Bc5 23. Nd4 Bxd4 24. exd4 Qxd4+ 25. Kf1 dxc4 26. Be2 Qxd2 27. Rxd2 Rad8 28. Bxc4+ Kh7 29. Kf2 b5 30. Bb3 c5 31. Rd1 Bc6 32. Rdh1 c4 33. Rc1 Rd2+ 34. Kg1 Rxb2 35. Bc2 g6 36. Rh4 Bxf3 37. g4 Bxg4 38. Rxg4 Rxc2 39. Rxc2 fxg4 40. Rd2 Re7 41. Nd5 Rf7 42. Re2 g3 43. Re3 h5 44. Rxg3 Kh6 45. Ne3 Re7 46. Nd5 Rd7 47. Nf6 Rd1+ 48. Kh2 1-0


[Site "https://www.chess.com"]

[Event "Early Titled Tuesday Blitz | February 8 2022"]
[White "Shevtchenko, Olesya"]
[Black "Kovanova, Baira"]
[WhiteFideId "24131890"]
[BlackFideId "4164083"]
[WhiteElo "2003"]
[BlackElo "2190"]
[Result "1/2-1/2"]
[Round "02"]
[TimeControl "180+1"]
[Date "2022.02.08"]
[WhiteClock "0:00:23"]
[BlackClock "0:00:09"]

1. c4 e5 2. Nc3 Bb4 3. Nd5 Be7 4. g3 Nf6 5. Nxf6+ Bxf6 6. Bg2 O-O 7. d3 d6 8. Nf3 Nc6 9. O-O Be6 10. Nd2 Be7 11. b3 Qd7 12. Bb2 f5 13. e3 Bf6 14. a3 d5 15. Qc2 d4 16. exd4 exd4 17. Rfe1 Bf7 18. b4 Rab8 19. Nf3 Rfe8 20. b5 Na5 21. a4 c5 22. Rad1 b6 23. Bc1 Rbc8 24. Bg5 Qd6 25. Bf4 Qd7 26. h4 h6 27. Ne5 Bxe5 28. Rxe5 Bh5 29. Rde1 Kh7 30. Bd5 Rxe5 31. Rxe5 Re8 32. Qd2 Rxe5 33. Bxe5 Bf7 34. Qf4 Bxd5 35. cxd5 Nb3 36. h5 Qxd5 37. Qxf5+ Kg8 38. Qc8+ Kh7 39. Qf5+ Kg8 40. Qc8+ Kh7 41. Qf5+ 1/2-1/2


[Site "https://www.chess.com"]

[Event "Early Titled Tuesday Blitz | February 8 2022"]
[White "Shimanov, Aleksandr"]
[Black "Van den Dikkenberg, Erik"]
[WhiteFideId "4198603"]
[BlackFideId "1005880"]
[WhiteElo "2636"]
[BlackElo "2118"]
[Result "1-0"]
[Round "02"]
[TimeControl "180+1"]
[Date "2022.02.08"]
[WhiteClock "0:02:08"]
[BlackClock "0:00:59"]

1. e4 c5 2. Nf3 d6 3. d4 cxd4 4. Nxd4 Nf6 5. f3 g6 6. c4 Bg7 7. Nc3 O-O 8. Be3 Nc6 9. Qd2 Bd7 10. Be2 a6 11. O-O Rc8 12. Rac1 Ne5 13. b3 h5 14. h3 Re8 15. f4 Nc6 16. Bf3 e5 17. Nxc6 Bxc6 18. f5 Kh7 19. Kh1 b5 20. Bg5 b4 21. Ne2 Nxe4 22. Bxe4 f6 23. Bxc6 Rxc6 24. Be3 g5 25. Qd5 Qc7 26. Ng3 h4 27. Ne4 a5 28. Rfd1 1-0


[Site "https://www.chess.com"]

[Event "Early Titled Tuesday Blitz | February 8 2022"]
[White "Shimelkov, Vasiliy"]
[Black "Shevchenko, Kirill"]
[WhiteFideId "13701630"]
[BlackFideId "14129574"]
[WhiteElo "2073"]
[BlackElo "2624"]
[Result "0-1"]
[Round "02"]
[TimeControl "180+1"]
[Date "2022.02.08"]
[WhiteClock "0:00:56"]
[BlackClock "0:01:22"]

1. d4 Nf6 2. c4 e6 3. Nf3 c5 4. d5 b5 5. dxe6 fxe6 6. cxb5 d5 7. e3 Bd6 8. Be2 O-O 9. O-O Nbd7 10. b3 Bb7 11. Bb2 e5 12. a4 Qe7 13. a5 Rad8 14. a6 Ba8 15. Nbd2 e4 16. Ne1 Ne5 17. Qc2 Nfg4 18. g3 d4 19. exd4 e3 20. Bxg4 Nxg4 21. Nd3 exd2 22. dxc5 Bd5 23. cxd6 Qe4 24. f3 Rxf3 0-1


[Site "https://www.chess.com"]

[Event "Early Titled Tuesday Blitz | February 8 2022"]
[White "Shtyka, Sergey"]
[Black "Nguyen, Ngoc Truong Son"]
[WhiteFideId "4138465"]
[BlackFideId "12401110"]
[WhiteElo "2014"]
[BlackElo "2596"]
[Result "0-1"]
[Round "02"]
[TimeControl "180+1"]
[Date "2022.02.08"]
[WhiteClock "0:01:34"]
[BlackClock "0:01:47"]

1. e4 c5 2. Nf3 d6 3. d4 cxd4 4. Nxd4 Nf6 5. Nc3 a6 6. Bc4 e6 7. O-O Be7 8. Be3 O-O 9. f4 b5 10. Bd3 Qc7 11. a3 Bb7 12. Qf3 Nbd7 13. Rae1 Rfd8 14. Qg3 Bf8 15. Kh1 Rac8 16. Bg1 e5 17. Nf5 g6 18. Nh4 Nh5 19. Qg4 exf4 20. Bd4 Ne5 21. Qe2 Bg7 22. Nd5 Bxd5 23. exd5 Nxd3 24. Qxd3 Qxc2 25. Qxc2 Rxc2 26. Bxg7 Kxg7 0-1


[Site "https://www.chess.com"]

[Event "Early Titled Tuesday Blitz | February 8 2022"]
[White "Shukhman, Anna"]
[Black "Jaracz, Pawel"]
[WhiteFideId "54180058"]
[BlackFideId "1102222"]
[WhiteElo "1628"]
[BlackElo "2429"]
[Result "0-1"]
[Round "02"]
[TimeControl "180+1"]
[Date "2022.02.08"]
[WhiteClock "0:00:01"]
[BlackClock "0:00:15"]

1. e4 c5 2. Nf3 Nc6 3. Bb5 g6 4. O-O Bg7 5. c3 Nf6 6. Re1 O-O 7. d4 d5 8. e5 Ne4 9. Nbd2 Nxd2 10. Bxd2 Qb6 11. Bxc6 bxc6 12. dxc5 Qxc5 13. Nd4 Qb6 14. b4 a5 15. Be3 Qc7 16. f4 f6 17. e6 f5 18. b5 Bb7 19. bxc6 Bxc6 20. Nxc6 Qxc6 21. Bd4 Rac8 22. Bxg7 Kxg7 23. Qd4+ Rf6 24. Rac1 Qd6 25. Re5 Rc5 26. Rd1 Qc6 27. Rd3 Rc4 28. Qxd5 Qb6+ 29. Rd4 Rxc3 30. Qd8 Rc1+ 31. Kf2 Rc2+ 32. Kg3 Qb7 33. Red5 Rxe6 34. Rd2 Rc3+ 35. Kf2 Qa7+ 36. R5d4 Rc4 37. Qd5 Rxd4 38. Qxd4+ Qxd4+ 39. Rxd4 Rb6 40. Rd5 Rb2+ 41. Ke3 Rxa2 42. g3 a4 43. Ra5 Kf6 0-1


[Site "https://www.chess.com"]

[Event "Early Titled Tuesday Blitz | February 8 2022"]
[White "Shyaamnikhil P"]
[Black "Nepomniachtchi, Ian"]
[WhiteFideId "5024218"]
[BlackFideId "4168119"]
[WhiteElo "2292"]
[BlackElo "2740"]
[Result "0-1"]
[Round "02"]
[TimeControl "180+1"]
[Date "2022.02.08"]
[WhiteClock "0:00:09"]
[BlackClock "0:01:41"]

1. d4 Nf6 2. Nf3 g6 3. g3 Bg7 4. Bg2 O-O 5. O-O d6 6. Re1 Nc6 7. d5 Nb4 8. e4 a5 9. Nd4 Bg4 10. f3 Bd7 11. c3 Na6 12. Be3 c6 13. c4 Nc5 14. Nc3 a4 15. Qd2 Qa5 16. Rab1 Rfc8 17. Bf1 Be8 18. Bh6 Bh8 19. b4 axb3 20. axb3 Qd8 21. g4 Nfd7 22. dxc6 bxc6 23. b4 Na4 24. Nxa4 Rxa4 25. Be3 Ne5 26. Be2 Rca8 27. f4 Ra2 28. Rb2 Rxb2 29. Qxb2 c5 30. fxe5 Bxe5 31. bxc5 dxc5 32. Nc6 Bxb2 33. Nxd8 Rxd8 34. Bxc5 Rd2 35. Kf1 Bc6 36. Rd1 Rxd1+ 37. Bxd1 Bxe4 38. Bxe7 f6 39. c5 Kf7 40. Bd6 Ke6 41. Bb3+ Bd5 42. Bxd5+ Kxd5 43. Kg2 Bd4 44. Be7 Ke6 45. Bd6 Kd5 46. Be7 Be5 47. h3 Ke6 48. Kf3 Kxe7 0-1


[Site "https://www.chess.com"]

[Event "Early Titled Tuesday Blitz | February 8 2022"]
[White "Sjugirov, Sanan"]
[Black "Sliwicki, Damian"]
[WhiteFideId "4189302"]
[BlackFideId "1127128"]
[WhiteElo "2602"]
[BlackElo "2084"]
[Result "1-0"]
[Round "02"]
[TimeControl "180+1"]
[Date "2022.02.08"]
[WhiteClock "0:01:28"]
[BlackClock "0:00:12"]

1. e4 c5 2. Nf3 g6 3. c3 Bg7 4. d4 cxd4 5. cxd4 d5 6. e5 a6 7. Nc3 Nc6 8. h3 f6 9. exf6 Nxf6 10. Be2 O-O 11. O-O Kh8 12. Re1 Ne4 13. Be3 Nxc3 14. bxc3 e5 15. dxe5 Nxe5 16. Nxe5 Bxe5 17. Bd4 Qf6 18. Bf3 Bxd4 19. Qxd4 Qxd4 20. cxd4 Bf5 21. Bxd5 Rfd8 22. Bxb7 Ra7 23. Re7 Rb8 24. g4 Bxg4 25. hxg4 Rbxb7 26. Rxb7 Rxb7 27. Kg2 Kg7 28. Rc1 Rb2 29. Rc7+ Kg8 30. Kf3 Rxa2 31. Ke3 a5 32. d5 Ra1 33. Ke4 Re1+ 34. Kd4 a4 35. Ra7 Rg1 36. d6 Kf8 37. Ke5 Ke8 38. Rxa4 h5 39. gxh5 gxh5 40. Ra8+ Kd7 41. Ra7+ Kc6 42. Rc7+ Kb6 43. Rc8 h4 44. d7 Re1+ 45. Kf4 1-0


[Site "https://www.chess.com"]

[Event "Early Titled Tuesday Blitz | February 8 2022"]
[White "Sokolovsky, Yahli"]
[Black "Molina, Roberto Junio Brito"]
[WhiteFideId "2820242"]
[BlackFideId "2109450"]
[WhiteElo "1770"]
[BlackElo "2402"]
[Result "0-1"]
[Round "02"]
[TimeControl "180+1"]
[Date "2022.02.08"]
[WhiteClock "0:00:01"]
[BlackClock "0:00:28"]

1. b3 c6 2. Bb2 d5 3. e3 Nf6 4. Nf3 Bg4 5. Be2 Nbd7 6. d4 e6 7. Ne5 Bxe2 8. Qxe2 Nxe5 9. dxe5 Nd7 10. O-O Qa5 11. a3 g6 12. b4 Qc7 13. f4 a5 14. b5 cxb5 15. Nc3 Qc4 16. Rfe1 Qxe2 17. Rxe2 b4 18. Nb5 Kd8 19. Nd6 bxa3 20. Bxa3 Bxd6 21. Bxd6 b6 22. e4 dxe4 23. Rxe4 Rc8 24. Re2 Rc6 25. Rd2 Kc8 26. Be7 Re8 27. Bh4 Nc5 28. Re2 Kb7 29. Rd1 Rec8 30. Bf2 R8c7 31. g4 b5 32. Rb1 Ka6 33. Re3 b4 34. c3 Kb5 35. cxb4 axb4 36. Re2 Na6 37. Rd2 Rc1+ 38. Rxc1 Rxc1+ 39. Kg2 Rc7 40. Kf3 b3 41. Bd4 Nc5 42. Ke3 Na4 43. Rf2 Rc2 44. Rxc2 bxc2 45. Kd2 Kc4 46. Ba1 Kb3 47. Bd4 Nb2 48. g5 Nd3 49. Bb2 0-1


[Site "https://www.chess.com"]

[Event "Early Titled Tuesday Blitz | February 8 2022"]
[White "Srebrnic, Marko"]
[Black "Murthy, Pappu"]
[WhiteFideId "14603616"]
[BlackFideId "2013401"]
[WhiteElo "2340"]
[BlackElo "1960"]
[Result "1-0"]
[Round "02"]
[TimeControl "180+1"]
[Date "2022.02.08"]
[WhiteClock "0:00:44"]
[BlackClock "0:00:16"]

1. e4 c5 2. Nf3 d6 3. g3 g6 4. Bg2 Bg7 5. O-O e6 6. c3 Ne7 7. d4 cxd4 8. cxd4 O-O 9. Nc3 d5 10. e5 Nbc6 11. Bg5 Qb6 12. Na4 Qa5 13. Rc1 Bd7 14. Nc5 Bc8 15. a3 h6 16. Bf6 Kh7 17. g4 b6 18. Nb3 Qa6 19. Re1 Bd7 20. Bf1 Qb7 21. Bd3 Rac8 22. h4 Ng8 23. g5 h5 24. Nh2 Kh8 25. Nf1 Bxf6 26. exf6 e5 27. dxe5 Nxe5 28. Rxe5 Rxc1 29. Nxc1 Be6 30. Ng3 Bg4 31. Be2 Qc7 32. Rxd5 Bxe2 33. Ncxe2 Re8 34. Rd7 Qc4 35. Qd5 Qxd5 36. Rxd5 Re6 37. Rd8 Kh7 38. Nf4 Re1+ 39. Kg2 Rb1 40. Rf8 1-0


[Site "https://www.chess.com"]

[Event "Early Titled Tuesday Blitz | February 8 2022"]
[White "Stanisz, Patryk"]
[Black "Vetokhin, Ilia"]
[WhiteFideId "1123106"]
[BlackFideId "24156078"]
[WhiteElo "1876"]
[BlackElo "1897"]
[Result "0-1"]
[Round "02"]
[TimeControl "180+1"]
[Date "2022.02.08"]
[WhiteClock "0:00:01"]
[BlackClock "0:01:00"]

1. Nf3 Nf6 2. c4 g6 3. Nc3 Bg7 4. e4 O-O 5. g3 d6 6. Bg2 c5 7. O-O Nc6 8. d4 a6 9. h3 cxd4 10. Nxd4 Nxe4 11. Nxc6 Nxc3 12. Nxd8 Nxd1 13. Nxb7 Rb8 14. Rxd1 Bxb7 15. Rb1 Bxg2 16. Kxg2 Rfc8 17. b3 Rxc4 18. Bb2 Rc2 19. Bxg7 Kxg7 20. Ra1 Rbc8 21. Rd4 Rb2 22. Ra4 Rcc2 23. Rf1 Rxa2 24. Re4 e6 25. b4 d5 26. Rf4 e5 27. Rf3 e4 28. Rc3 Rxc3 0-1


[Site "https://www.chess.com"]

[Event "Early Titled Tuesday Blitz | February 8 2022"]
[White "Stefanov, Plamen"]
[Black "Estrada Nieto, Julian"]
[WhiteFideId "2900980"]
[BlackFideId "5101018"]
[WhiteElo "2137"]
[BlackElo "2246"]
[Result "0-1"]
[Round "02"]
[TimeControl "180+1"]
[Date "2022.02.08"]
[WhiteClock "0:01:21"]
[BlackClock "0:00:54"]

1. e4 e5 2. Nf3 Nc6 3. Bc4 Bc5 4. c3 d6 5. d3 Nf6 6. Bg5 h6 7. Bh4 a6 8. b4 Ba7 9. Qb3 Qe7 10. O-O g5 11. Bg3 Bg4 12. Nbd2 Nh5 13. Kh1 Nf4 14. Bxf4 gxf4 15. h3 Bd7 16. d4 exd4 17. cxd4 Nxd4 18. Nxd4 Bxd4 19. Rae1 O-O-O 20. Nf3 Be5 21. Nxe5 dxe5 22. Bxf7 f3 23. g4 Rhf8 24. Bh5 Be6 25. Qc3 Rd4 26. a3 Qd6 27. Re3 Bc4 28. Rg1 Be2 29. g5 hxg5 30. Bxf3 Bxf3+ 31. Rxf3 Rxf3 32. Qxf3 Kb8 33. Rxg5 Rd3 34. Rg8+ Ka7 35. Qg4 Rxa3 36. h4 Qxb4 37. h5 Qe1+ 38. Kg2 Ra1 39. h6 Qh1+ 40. Kg3 Rg1# 0-1


[Site "https://www.chess.com"]

[Event "Early Titled Tuesday Blitz | February 8 2022"]
[White "Suarez Uriel, Adrian"]
[Black "Namitbir Singh Walia"]
[WhiteFideId "22230874"]
[BlackFideId "35071068"]
[WhiteElo "2316"]
[BlackElo "1479"]
[Result "0-1"]
[Round "02"]
[TimeControl "180+1"]
[Date "2022.02.08"]
[WhiteClock "0:00:13"]
[BlackClock "0:00:05"]

1. e4 c5 2. Ne2 Nc6 3. d4 cxd4 4. Nxd4 g6 5. c4 Nf6 6. Be3 Nxe4 7. h4 Bg7 8. h5 Qa5+ 9. Ke2 Qb6 10. Nb5 Qa5 11. Qc2 d5 12. Rh4 Bf5 13. Qc1 d4 14. Bd2 d3+ 15. Ke1 Qd8 16. N1c3 Nxd2 17. Qxd2 Nb4 18. g4 Nc2+ 19. Kd1 Be6 20. Rc1 Bxc4 21. b3 Bxb5 22. Nxb5 a6 23. Bxd3 Nb4 24. Nc7+ Kf8 25. Qxb4 Qxd3+ 26. Qd2 Qf3+ 27. Qe2 Rd8+ 28. Ke1 Qf4 29. Qe3 Qb4+ 30. Kf1 Bf6 31. g5 Qxh4 32. gxf6 Qh1+ 33. Ke2 Qxh5+ 34. Ke1 Qh1+ 35. Ke2 Qh5+ 36. Kf1 exf6 37. Rc5 Rd1+ 38. Kg2 Qh1+ 39. Kg3 Rg1+ 40. Kf4 Qh4+ 41. Kf3 Qg4# 0-1


[Site "https://www.chess.com"]

[Event "Early Titled Tuesday Blitz | February 8 2022"]
[White "Svane, Frederik"]
[Black "Potapova, Margarita"]
[WhiteFideId "12923044"]
[BlackFideId "14126869"]
[WhiteElo "2459"]
[BlackElo "2209"]
[Result "1-0"]
[Round "02"]
[TimeControl "180+1"]
[Date "2022.02.08"]
[WhiteClock "0:00:03"]
[BlackClock "0:00:03"]

1. e4 c5 2. Nf3 d6 3. d4 cxd4 4. Nxd4 Nf6 5. f3 Nc6 6. Be3 e6 7. c4 Be7 8. Nc3 O-O 9. Be2 d5 10. cxd5 exd5 11. exd5 Nxd5 12. Nxd5 Qxd5 13. O-O Nxd4 14. Qxd4 Qxd4 15. Bxd4 Be6 16. Rfd1 Rfc8 17. a3 Bg5 18. Kf2 Rc2 19. Kf1 h6 20. Bd3 Bc4 21. Bxc4 Rxc4 22. Bc3 Rc7 23. Rd3 Kf8 24. Rad1 g6 25. Rd7 Rac8 26. Be5 Rc1 27. Rxc1 Rxc1+ 28. Kf2 Rc2+ 29. Kg3 f6 30. Bc3 Be3 31. Rxb7 f5 32. a4 h5 33. Rh7 h4+ 34. Kh3 g5 35. Rd7 g4+ 36. fxg4 fxg4+ 37. Kxg4 Bg1 38. Rd2 Rc1 39. Kxh4 Bxh2 40. Rd7 Bf4 41. Kg4 Be3 42. Kf3 Bb6 43. g4 Rf1+ 44. Ke4 Re1+ 45. Kf5 Re8 46. Kg6 Kg8 47. Rg7+ Kf8 48. Bb4+ 1-0


[Site "https://www.chess.com"]

[Event "Early Titled Tuesday Blitz | February 8 2022"]
[White "Taboas Rodriguez, Daniel"]
[Black "Nesterov, Arseniy"]
[WhiteFideId "2208466"]
[BlackFideId "24198455"]
[WhiteElo "2429"]
[BlackElo "2489"]
[Result "0-1"]
[Round "02"]
[TimeControl "180+1"]
[Date "2022.02.08"]
[WhiteClock "0:00:07"]
[BlackClock "0:00:03"]

1. d4 d5 2. Nf3 Nf6 3. c4 e6 4. Bg5 Be7 5. e3 Nbd7 6. Nc3 O-O 7. Rc1 h6 8. Bh4 c5 9. cxd5 Nxd5 10. Bxe7 Nxe7 11. Be2 b6 12. O-O Bb7 13. a3 Nf5 14. dxc5 Nxc5 15. b4 Ne4 16. Nxe4 Bxe4 17. Qa4 Qf6 18. Rc7 Qb2 19. Bd1 a5 20. bxa5 Bd3 21. Re1 Rxa5 22. Qb4 Qxb4 23. axb4 Ra1 24. Bb3 Rfa8 25. Rcc1 Rxc1 26. Rxc1 Ra3 27. Bd1 f6 28. Ne1 Bb5 29. Rb1 Kf7 30. Bg4 Rc3 31. Bxf5 exf5 32. Nf3 Bd3 33. Rd1 Be2 34. Rb1 Bxf3 35. gxf3 Rc4 36. f4 b5 37. Kg2 g5 38. fxg5 fxg5 39. Kf3 Kf6 40. h3 Kg6 41. Kg3 Kh5 42. Rb2 Rc3 43. Kg2 Rc4 44. Rb3 Kg6 45. Rb1 Kf6 46. Kg3 h5 47. Kf3 g4+ 48. hxg4 hxg4+ 49. Kg3 Ke5 50. Rb2 Ke4 51. Rb1 Kd3 52. Rd1+ Ke4 53. Rb1 Ke5 54. Kh4 Rc2 55. Kg3 Rc3 56. Rd1 Rc4 57. Rb1 Ke4 58. Rb3 Rc1 59. Rb2 Rc3 60. Rb1 f4+ 61. Kxg4 fxe3 62. fxe3 Kxe3 63. Kf5 Kd3 64. Ke5 Kc4 65. Kd6 Rb3 66. Rh1 Kxb4 67. Rh4+ Ka5 68. Kc5 Rc3+ 69. Kd5 b4 70. Rh1 b3 71. Kd4 Kb4 72. Rh8 Rc1 73. Rb8+ Ka3 74. Kd3 b2 75. Kd2 b1=Q 0-1


[Site "https://www.chess.com"]